 Dungeon Crawl Stone Soup version 0.31-a0-675-g238779eb0a (webtiles) character file.

Game seed: 5814339907021873630

112 Babbit the Digger (level 4, 0/39 HPs)
             Began as a Troll Earth Elementalist on Sept 5, 2023.
             Slain by a frilled lizard (1 damage)
             ... on level 2 of the Dungeon.
             The game lasted 00:12:22 (1726 turns).

Babbit the Digger (Troll Earth Elementalist)        Turns: 1726, Time: 00:12:23

Health: 0/39       AC:  4    Str: 16    XL:     4   Next: 63%
Magic:  6/6        EV: 10    Int: 13    God:
Gold:   125        SH:  0    Dex: 10    Spells: 6/7 levels left

rFire   . . .        (no weapon)
rCold   . . .        (no shield)
rNeg    + . .        a - +0 robe
rPois   .            (helmet currently unavailable)
rElec   .            (cloak currently unavailable)
rCorr   .            (gloves unavailable)
SInv    .            (boots unavailable)
Will    .....        (no amulet)
Stlth   +            g - ring of positive energy
HPRegen 1.06/turn    (no ring)
MPRegen 0.10/turn

%: no passive effects
@: confused, beast-form, ambrosia-drunk
A: beast (slay +0), large, unfitting armour, claws 3, regeneration 1, shaggy fur
1, tough skin 1
a: Begin Untransformation


You were on level 2 of the Dungeon.
You were a hulking beast.
You visited 1 branch of the dungeon, and saw 3 of its levels.

You collected 125 gold pieces.

Inventory:

Armour
 a - a +0 robe (worn)
Jewellery
 g - a ring of positive energy (left claw)
 m - an amulet of guardian spirit
Talismans
 c - a beast talisman (active)
Wands
 l - a wand of charming (2)
Scrolls
 e - a scroll of teleportation {unknown}
 f - a scroll of immolation {unknown}
 i - a scroll of amnesia {unknown}
 n - a scroll of vulnerability {unknown}
Potions
 b - a potion of magic
 d - a potion of berserk rage {unknown}
 h - a potion of ambrosia
 j - a potion of lignification {unknown}
 k - a potion of degeneration {unknown}


   Skills:
 + Level 1.9 Dodging
 + Level 1.1 Stealth
 + Level 0.3 Unarmed Combat
 + Level 2.1 Spellcasting
 + Level 0.6 Transmutations
 + Level 3.8 Earth Magic
 + Level 0.1 Shapeshifting


You had 6 spell levels left.
You knew the following spells:

 Your Spells              Type           Power      Damage    Failure   Level
a - Sandblast             Erth           22%        2d7       5%          1

Your spell library contained the following spells:

 Spells                   Type           Power      Damage    Failure   Level
 Passwall                 Tmut/Erth      5%         N/A       16%         2
 Stone Arrow              Conj/Erth      12%        3d7       34%         3
 Petrify                  Tmut/Erth      7%         N/A       69%         4


Dungeon Overview and Level Annotations

Branches:
Dungeon (3/15)

Altars:
Kikubaaqudgha


Innate Abilities, Weirdness & Mutations

You are a hulking beast.
Your limbs bulge with bestial killing power. (Slay +0)
You are too large for most types of armour.
You have claws for hands.
Your natural rate of healing is unusually fast.
You are covered in fur. (AC +1)
You have tough skin. (AC +1)


Message History

You completely miss the iguana.
The iguana is almost dead.
The iguana bites you!
* * * LOW HITPOINT WARNING * * *
You scratch the iguana.
You kill the iguana!
Your magical contamination has completely faded away.
You start resting.
HP restored.
You start resting.
Magic restored.
You climb downwards.
The adder hisses angrily.
The frilled lizard closely misses you. The gnoll hits you with a +0 flail.
The gnoll barely misses you.
The hobgoblin hits you but does no damage.
A ball python comes into view.
The worm bites you. The gnoll hits you with a +0 flail!
The hobgoblin closely misses you. The frilled lizard misses you.
The gnoll hits you with a +0 flail. The gnoll hits you with a +0 whip.
There is a stone staircase leading up, spattered with blood here.
The worm closely misses you. The rat closely misses you.
The hobgoblin hits you but does no damage.
The gnoll closely misses you. The frilled lizard barely misses you.
The gnoll hits you with a +0 whip. The gnoll hits you with a +0 flail!
* * * LOW HITPOINT WARNING * * *
You climb upwards.
There is a stone staircase leading down, spattered with blood here.
It was a potion of ambrosia.
You are confused.
You feel invigorated. The rat barely misses you.
The hobgoblin hits you but does no damage.
The frilled lizard bites you.
* * * LOW HITPOINT WARNING * * *
The gnoll hits you with a +0 whip.
* * * LOW HITPOINT WARNING * * *
You bump into the rock wall.
The worm bites you!
* * * LOW HITPOINT WARNING * * *
The frilled lizard bites you.
You die...

#......#..............
#.#.#.##.........####.
#.#..###......<...รท...
#.#...##)..).....####.
#.#....#......#..# #.
#.#.....##....#..####.
#.#...####............
#.#.lwg....#.##..###..
#.#.rh####.#..........
###.>ggg####.#.#.#......
#.......................
#............###.#......
##.......##..>###.....#..
#........##.#..[.........
#.<......##...#.#######..
#...............# #.#
#........##...###### #.#


You could see a worm, 3 gnolls, a hobgoblin, a frilled lizard and a rat.

Vanquished Creatures
  An iguana (D:2)
  3 adders (D:2)
  2 gnolls (D:1)
  A dart slug (D:1)
  3 bats (D:1)
  3 endoplasms
  A giant cockroach (D:1)
  4 goblins
  4 hobgoblins
  6 kobolds
  2 quokkas (D:1)
  4 ball pythons
  2 frilled lizards (D:2)
  4 rats
40 creatures vanquished.

Notes
Turn   | Place    | Note
-------+----------+-------------------------------------------
     0 | D:1      | Babbit the Troll Earth Elementalist began the quest for the
                  | Orb.
     0 | D:1      | Reached XP level 1. HP: 16/16 MP: 1/1
    99 | D:1      | Reached XP level 2. HP: 21/24 MP: 0/3
   216 | D:1      | Reached skill level 3 in Earth Magic
   560 | D:1      | Reached XP level 3. HP: 31/31 MP: 2/4
  1003 | D:2      | Identified the +1 helmet of a Billion Nightcaps {+Blink
                  | rPois Str+4 Int-2}
  1188 | D:2      | Reached XP level 4. HP: 39/39 MP: 0/5
  1456 | D:2      | Found an ancient bone altar of Kikubaaqudgha.
  1726 | D:2      | HP: 1/39 [worm (8)]
  1726 | D:2      | Slain by a frilled lizard

Illustrated notes

Levels and vault maps discovered:
D:1:      psy_arrival_heroes, layout_basic
D:2:      layout_loops_ring, basic_altar, st_stairs_10
D:3:      layout_rooms, serial_shops, nicolae_shop_waterfront,
          minmay_splitting_lines

Skill      XL: |  1  2  3  4 |
---------------+-------------+-----
Earth Magic    | 3 |  3.8
Spellcasting   | 2 |  2.1
Dodging        | |  1.9
Stealth        | |  1.1
Unarmed Combat | |  0.3
Transmutations | |  0.6
Shapeshifting  | |  0.1

Action                     |  1- 3 |  4- 6 || total
---------------------------+-------+-------++-------
  Melee: Unarmed           |    18 |    10 ||    28
   Cast: Sandblast         |    44 |    13 ||    57
    Use: Potion            |       |     1 ||     1
 Armour: Robe              |    15 |    26 ||    41
  Dodge: Dodged            |    12 |    14 ||    26
   Form: Beast             |     2 |       ||     2
                           |     1 |       ||     1

Table legend: (Time is in decaauts)
 A = Elapsed time spent in this place.
 B = Non-inter-level travel time spent in this place.
 C = Inter-level travel time spent in this place.
 D = Time resting spent in this place.
 E = Time spent auto-exploring this place.
 F = Levels seen in this place.
 G = Mean time per level.
                   A        B        C        D        E       F      G
               +--------+--------+--------+--------+--------+-----+--------+
         Total |   1754 |   1728 |     26 |    389 |   1033 |   3 |  584.7 |
       Dungeon |   1754 |   1728 |     26 |    389 |   1033 |   3 |  584.7 |
               +--------+--------+--------+--------+--------+-----+--------+

Top non-repeatable levels by time:
     D:1: 917 daAuts
     D:2: 831 daAuts
     D:3: 5 daAuts
